 Dungeon Sprint DCSS version 0.19-a0-1905-ge8b2aad (console) character file.

4664 Blackmore the Warrior (level 10, -1/107 HPs)
             Began as a Minotaur Fighter on Oct 21, 2016.
             Was a High Priest of Okawaru.
             Killed from afar by a rime drake (26 damage)
             ... with a flash freeze
             ... in the Dungeon (Sprint IX: "|||||||||||||||||||||||||||||").
             The game lasted 00:08:19 (1125 turns).

Blackmore the Warrior (Minotaur Fighter)            Turns: 1125, Time: 00:08:19

Health: -1/107     AC:  9    Str: 28    XL:     10   Next: 20%
Magic:  12/12      EV: 14    Int:  5    God:    Okawaru [*****.]
Gold:   0          SH: 13    Dex:  9    Spells: 0 memorised, 9 levels left

rFire  . . .     SeeInvis .     a - +0 trident
rCold  . . .     Gourm    .     b - +0 scale mail
rNeg   . . .     Faith    .     c - +0 shield
rPois  .         Spirit   .     (helmet restricted)
rElec  .         Reflect  .     (no cloak)
rCorr  .         Harm     .     (no gloves)
MR     .....     NoTele   +     (no boots)
Stlth  ..........               (no amulet)
                                q - +2 ring of evasion
                                r - +3 ring of strength

@: lethally poisoned (-1 -> -2)
A: retaliatory headbutt, horns 2
a: Heroism, Finesse, Renounce Religion


You were in the Dungeon.
You worshipped Okawaru.
Okawaru was extremely pleased with you.
You were not hungry.

You visited 1 branch

Inventory:

Hand Weapons
 a - a +0 trident (weapon)
 p - the +2 halberd "Lireg" {holy, MR- MP+9 Str+4 Dex+3}
   (You found it in the Dungeon)

   It has been blessed by the Shining One to cause great damage to the undead
   and demons.
   It affects your strength (+4).
   It affects your dexterity (+3).
   It affects your resistance to hostile enchantments.
   It affects your magic capacity (+9).
Armour
 b - a +0 scale mail (worn)
 c - a +0 shield (worn)
Jewellery
 q - a +2 ring of evasion (right hand)
 r - a +3 ring of strength (left hand)
Wands
 o - a wand of lightning (0/15)
Scrolls
 j - 2 scrolls of enchant weapon
 k - a scroll of blinking
 l - a scroll of fear
 m - 3 scrolls of remove curse
 n - 2 scrolls of amnesia
 t - a scroll of identify
 u - 2 scrolls of enchant armour
Potions
 d - 6 potions of heal wounds
 e - 2 potions of curing
 i - 4 potions of magic
Books
 g - the Reference Book on the Blaze
   (You found it in the Dungeon)

   Spells                             Type                      Level
   a - Flame Tongue                   Conjuration/Fire             1
   b - Conjure Flame                  Conjuration/Fire             3
   c - Inner Flame                    Hexes/Fire                   3
   d - Fireball                       Conjuration/Fire             5
   e - Delayed Fireball               Conjuration/Fire             7
Comestibles
 f - a bread ration
 h - a beef jerky
 s - 5 chunks of flesh


   Skills:
 * Level 15.7 Fighting
 * Level 13.6 Polearms
 + Level 12.5 Armour
 + Level 6.2 Dodging
 + Level 12.5 Shields
 + Level 2.6 Invocations
 + Level 4.3 Evocations


You had 9 spell levels left.
You didn't know any spells.

Dungeon Overview and Level Annotations

Branches:
Dungeon (1/1)

Altars:
Cheibriados
Dithmenos
Elyvilon
Fedhas
Gozag
Hepliaklqana
Kikubaaqudgha
Makhleb
Nemelex Xobeh
Okawaru
Qazlal
Ru
Sif Muna
Trog
Uskayaw
Vehumet
Xom
Yredelemnul
Zin
The Shining One
Beogh
Jiyva
Lugonu


Innate Abilities, Weirdness & Mutations

You reflexively headbutt those who attack you in melee.
You have a pair of horns on your head.


Message History

You feel sick. You block the polar bear's attack.
The polar bear claws you but does no damage.
The polar bear closely misses you.
You hit the polar bear.
You headbutt the polar bear, but do no damage.
The polar bear is almost dead.
The polar bear goes berserk!
You hit the polar bear but do no damage.
Your headbutt misses the polar bear.
The polar bear is almost dead.
You block the polar bear's attack. x2; The polar bear claws you.
* * * LOW HITPOINT WARNING * * *
You puncture the polar bear!
You kill the polar bear!
Okawaru accepts your kill.
You feel sick.
You feel sick. The rime drake breathes ice at you. The flash freeze hits you!
You die...

▓▓▓▓▓▓▓▓▓▓▓▓▓▓▓▓▓▓▓▓▓▓▓▓▓▓
...St.hk.@......÷..%..÷.).
▓▓▓▓▓▓▓▓▓▓▓▓▓▓▓▓▓▓▓▓▓▓▓▓▓▓▓▓▓▓▓▓▓
.................................
▓▓▓▓▓▓▓▓▓▓▓▓▓▓▓▓▓▓▓▓▓▓▓▓▓▓▓▓▓▓▓▓▓
|..'._______________________'....
▓▓▓▓▓▓▓▓▓▓▓▓▓▓▓▓▓▓▓▓▓▓▓▓▓▓▓▓▓▓▓▓▓


You could see a polar bear, a black mamba, a rime drake and a crocodile.

Vanquished Creatures
  A hydra (D)
  A hill giant (D)
  A manticore (D)
  A black mamba (D)
  A spiny frog (D)
  3 komodo dragons (D)
  A jumping spider (shapeshifter) (D)
  A polar bear (D)
  A blink frog (D)
  A vampire (D)
  A yak (D)
  A porcupine (D)
  3 water moccasins (D)
  An orc warrior (D)
  An ice beast (D)
  2 ogres (D)
  A big kobold (D)
  A bullfrog (D)
  A wight (D)
  A hound (D)
  2 orc wizards (D)
  A shadow imp (D)
  An adder skeleton (D)
  An orc (D)
  A goblin (D)
  A jackal (D)
  A quokka (D)
  A ball python (D)
  A frilled lizard (D)
  A rat (D)
36 creatures vanquished.

Notes
Turn   | Place    | Note
-------+----------+-------------------------------------------
     0 | D        | Blackmore the Minotaur Fighter began the quest for the Orb.
     0 | D        | Reached XP level 1. HP: 19/19 MP: 0/0
     5 | D        | Reached skill level 4 in Fighting
    29 | D        | Noticed an orc wizard
    29 | D        | Noticed an ice beast
    37 | D        | Reached XP level 2. HP: 28/28 MP: 1/1
    41 | D        | Killed an ice beast
    41 | D        | Reached skill level 7 in Fighting
    41 | D        | Reached skill level 5 in Armour
    41 | D        | Reached skill level 1 in Dodging
    41 | D        | Reached XP level 3. HP: 40/40 MP: 2/2
    41 | D        | Reached XP level 4. HP: 48/48 MP: 3/3
    54 | D        | Reached skill level 8 in Fighting
    54 | D        | Reached skill level 5 in Polearms
    81 | D        | Found a roughly hewn altar of Beogh.
    81 | D        | Found a snail-covered altar of Cheibriados.
    81 | D        | Found a shadowy altar of Dithmenos.
    81 | D        | Found a white marble altar of Elyvilon.
    81 | D        | Found a blossoming altar of Fedhas.
    81 | D        | Found an opulent altar of Gozag.
    82 | D        | Found a hazy altar of Hepliaklqana.
    83 | D        | Found a viscous altar of Jiyva.
    84 | D        | Found an ancient bone altar of Kikubaaqudgha.
    85 | D        | Found a corrupted altar of Lugonu.
    86 | D        | Found a burning altar of Makhleb.
    87 | D        | Found a sparkling altar of Nemelex Xobeh.
    88 | D        | Found an iron altar of Okawaru.
    89 | D        | Found a stormy altar of Qazlal.
    90 | D        | Found a sacrificial altar of Ru.
    91 | D        | Found a deep blue altar of Sif Muna.
    92 | D        | Found a bloodstained altar of Trog.
    93 | D        | Found a hide-covered altar of Uskayaw.
    94 | D        | Found a radiant altar of Vehumet.
    95 | D        | Found a shimmering altar of Xom.
    96 | D        | Found a basalt altar of Yredelemnul.
    98 | D        | Became a worshipper of Warmaster Okawaru
   100 | D        | Found a glowing silver altar of Zin.
   101 | D        | Found a glowing golden altar of the Shining One.
   119 | D        | Got the +2 halberd "Lireg" {holy, MR- MP+9 Str+4 Dex+3}
   129 | D        | Noticed an ogre
   129 | D        | Noticed an orc warrior
   129 | D        | Noticed a vampire
   129 | D        | Noticed a big kobold
   132 | D        | Reached XP level 5. HP: 56/56 MP: 4/4
   134 | D        | Reached skill level 9 in Fighting
   138 | D        | Killed an ogre
   138 | D        | Reached skill level 10 in Fighting
   138 | D        | Reached XP level 6. HP: 48/67 MP: 5/5
   141 | D        | Killed an orc warrior
   141 | D        | Reached * piety under Okawaru
   141 | D        | Reached skill level 11 in Fighting
   169 | D        | Killed a vampire
   169 | D        | Reached XP level 7. HP: 22/74 MP: 3/6
   418 | D        | Noticed a manticore
   418 | D        | Noticed a hill giant
   418 | D        | Noticed a jumping spider
   437 | D        | Killed a hill giant
   437 | D        | Reached skill level 12 in Fighting
   437 | D        | Reached skill level 10 in Shields
   437 | D        | Reached skill level 1 in Evocations
   437 | D        | Reached XP level 8. HP: 9/85 MP: 5/8
   440 | D        | Killed a jumping spider
   440 | D        | Reached ** piety under Okawaru
   440 | D        | Reached skill level 13 in Fighting
   440 | D        | Reached skill level 10 in Polearms
   449 | D        | Killed a manticore
   449 | D        | Reached skill level 10 in Armour
   449 | D        | Reached skill level 1 in Invocations
   824 | D        | Identified the Reference Book on the Blaze (You found it in the Dungeon)
   837 | D        | Noticed a blink frog
   837 | D        | Noticed a spiny frog
   837 | D        | Noticed a komodo dragon
   841 | D        | Noticed a four-headed hydra
   844 | D        | Killed a komodo dragon
   844 | D        | Reached *** piety under Okawaru
   847 | D        | Killed a spiny frog
   847 | D        | Reached skill level 14 in Fighting
   847 | D        | Reached skill level 5 in Dodging
   847 | D        | Reached XP level 9. HP: 95/95 MP: 6/10
   855 | D        | Noticed a komodo dragon
   867 | D        | Reached **** piety under Okawaru
   868 | D        | Killed a four-headed hydra
   872 | D        | Reached skill level 15 in Fighting
   878 | D        | Killed a komodo dragon
   878 | D        | Reached ***** piety under Okawaru
  1082 | D        | Noticed a rime drake
  1082 | D        | Noticed a polar bear
  1082 | D        | Noticed a komodo dragon
  1082 | D        | Noticed a black mamba
  1085 | D        | Noticed a polar bear
  1096 | D        | Killed a black mamba
  1096 | D        | Reached XP level 10. HP: 75/105 MP: 12/12
  1108 | D        | Noticed a black mamba
  1125 | D        | Killed from afar by a rime drake

Vault maps used:
D:        linesprint

Skill      XL: |  1  2  3  4  5  6  7  8  9 10 |
---------------+-------------------------------+-----
Fighting       | 4 7 8 10 11 12 14 15 | 15.7
Shields        | 4 6 8 9 10 11 12 | 12.5
Polearms       | 3 4 5 7 8 9 11 13 | 13.6
Armour         | 4 5 6 7 8 9 11 12 | 12.5
Dodging        | 1 2 3 5 6 |  6.2
Evocations     | 1 2 4 |  4.3
Invocations    | 1 2 |  2.6

Action                   |  1- 3 |  4- 6 |  7- 9 | 10-12 || total
-------------------------+-------+-------+-------+-------++-------
Melee: Trident           |    25 |    29 |    75 |    27 ||   156
       Headbutt          |     1 |     8 |    24 |     9 ||    42
Invok: Heroism           |       |     1 |     2 |       ||     3
Evoke: Wand              |       |     7 |     6 |       ||    13
  Use: Potion            |     1 |     8 |     3 |       ||    12
       Scroll            |       |       |     2 |       ||     2
 Stab: Invisible         |       |       |     2 |       ||     2
  Eat: Chunk             |       |       |     1 |       ||     1
Armor: Scale mail        |    10 |    16 |    12 |     6 ||    44
Dodge: Dodged            |     8 |     5 |    26 |     8 ||    47
Block: Shield            |     9 |     7 |    41 |    13 ||    70
